 Dungeon Crawl Stone Soup version 0.32-a0-540-g866d13106e (webtiles) character file.

Game seed: 8613508971438581446

59 lunkers the Cutter (level 4, -1/33 HPs)
             Began as a Coglin Brigand on Feb 28, 2024.
             Slain by Sigmund
             ... wielding a +0 scythe
              (11 damage)
             ... on level 2 of the Dungeon.
             The game lasted 00:01:15 (969 turns).

lunkers the Cutter (Coglin Brigand)                  Turns: 969, Time: 00:01:16

Health: -1/33      AC:  4    Str: 13    XL:     4   Next: 3%
Magic:  4/4        EV: 11    Int: 10    God:
Gold:   37         SH:  0    Dex: 16    Spells: 3/3 levels left

rFire   . . .        a - +2 dagger {Cyneburga}
rCold   . . .        f - +1 short sword (freeze) {Narong}
rNeg    . . .        b - +0 robe
rPois   .            (no helmet)
rElec   .            c - +0 cloak
rCorr   .            (no gloves)
SInv    .            m - +0 pair of boots
Will    .....        (no amulet)
Stlth   +            (ring unavailable)
HPRegen 0.25/turn    (ring unavailable)
MPRegen 0.09/turn

%: no passive effects
@: confused, revving
A: off-hand wielding, slow wielding, warmup strikes, no rings
a: no special abilities


You were on level 2 of the Dungeon.
You visited 1 branch of the dungeon, and saw 2 of its levels.

You collected 37 gold pieces.

Inventory:

Hand Weapons
 a - a +2 dagger (weapon) {Cyneburga}
 f - a +1 short sword of freezing (offhand) {Narong}
Missiles
 d - 9 poisoned darts
 e - a curare-tipped dart
Armour
 b - a +0 robe (worn)
 c - a +0 cloak (worn)
 m - a +0 pair of boots (worn)
Jewellery
 o - an amulet of faith
Scrolls
 g - a scroll of amnesia {unknown}
 i - 4 scrolls of identify {unknown}
 k - 2 scrolls of blinking {unknown}
 n - a scroll of teleportation {unknown}
Potions
 h - a potion of ambrosia {unknown}
 j - a potion of invisibility {unknown}
 l - a potion of might {unknown}


   Skills:
 - Level 2.0 Fighting
 + Level 3.8 Short Blades
 - Level 1.7 Throwing
 - Level 0.8 Dodging
 - Level 3.2 Stealth


You had 3 spell levels left.
You didn't know any spells.
Your spell library contained the following spells:

 Spells                   Type           Power      Damage    Failure   Level
 Kiss of Death            Conj/Necr      0%         2d5       36%         1
 Confusing Touch          Hex            0%         N/A       75%         3
 Dazzling Flash           Conj/Hex       0%         N/A       75%         3
 Mephitic Cloud           Conj/Alch/Air  0%         N/A       75%         3
 Dispel Undead            Necr           0%         3d6       98%         4
 Curse of Agony           Necr           0%         N/A       100%        5
 Silence                  Hex/Air        0%         N/A       100%        5


Dungeon Overview and Level Annotations

Branches:
Dungeon (2/15)

Altars:

Annotations:
D:2 Sigmund


Innate Abilities, Weirdness & Mutations

You can wield a second weapon in your off-hand.
It takes a long time for you to wield or remove held weapons.
Your first few attacks do less damage.
Your grasper-arms cannot wear rings.


Message History

You throw a curare-tipped dart. The curare-tipped dart hits Sigmund.
Sigmund is poisoned.
Sigmund struggles to breathe.
Sigmund seems to slow down.
Sigmund is lightly wounded.
Sigmund hits you but does no damage.
You hit Sigmund with your +2 dagger.
Sigmund is moderately wounded.
You barely miss Sigmund with your +1 short sword of freezing.
You closely miss Sigmund with your +1 short sword of freezing.
Sigmund is moderately wounded.
You hit Sigmund but do no damage. The endoplasm barely misses you.
You hit Sigmund with your +1 short sword of freezing.
You freeze Sigmund.
Sigmund is severely wounded.
You hit Sigmund but do no damage. Sigmund casts a spell at you.
You are confused.
The endoplasm barely misses you.
You are too confused!
You are too confused!
You are too confused!
Unknown command.
The endoplasm freezes you.
You are frozen.
Sigmund hits you with a +0 scythe! The endoplasm hits you.
* * * LOW HITPOINT WARNING * * *
The endoplasm freezes you.
You are frozen.
* * * LOW HITPOINT WARNING * * *
Sigmund hits you from afar with a +0 scythe.
* * * LOW HITPOINT WARNING * * *
Unknown command.
The endoplasm freezes you.
You are frozen.
* * * LOW HITPOINT WARNING * * *
You hit the endoplasm but do no damage.
You hit the endoplasm with your +2 dagger.
Sigmund hits you from afar with a +0 scythe!
You die...
Sigmund begins carving another notch in his scythe.

.# .. .## ... ..# #. ..
##### .... .. #..##.#
#..!##..(. .. #...#.#
#.#.#..... ########...#.#
#.........
#..<##....#.###..@#.###+
##.####.##...##..J.......
...####.........@........
#.........##.............
#.............#..........
#........................
#........................
########....>........####
#......######## #......#
#......#


You could see Sigmund (poisoned, slow) and an endoplasm.

Vanquished Creatures
  An adder (D:2)
  A ribbon worm (D:2)
  A dart slug (D:1)
  6 ball pythons
  A bat (D:2)
  8 endoplasms
  A giant cockroach (D:1)
  5 hobgoblins
  2 quokkas (D:1)
  6 frilled lizards
  4 goblins
  3 kobolds (D:1)
  3 rats
42 creatures vanquished.

Notes
Turn   | Place    | Note
-------+----------+-------------------------------------------
     0 | D:1      | lunkers the Coglin Brigand began the quest for the Orb.
     0 | D:1      | Reached XP level 1. HP: 16/16 MP: 1/1
   153 | D:1      | Reached XP level 2. HP: 20/22 MP: 2/2
   499 | D:1      | Reached XP level 3. HP: 27/27 MP: 3/3
   942 | D:2      | Reached XP level 4. HP: 32/33 MP: 4/4
   949 | D:2      | Noticed Sigmund
   969 | D:2      | Slain by Sigmund

Illustrated notes

Levels and vault maps discovered:
D:1:      kilobyte_arrival_exit_the_forest, layout_basic
D:2:      layout_basic, uniq_sigmund

Skill      XL: |  1  2 |
---------------+-------+-----
Short Blades   | 2 3 |  3.8
Fighting       | |  2.0
Throwing       | |  1.7
Dodging        | |  0.8
Stealth        | |  3.2

Action                     |  1- 3 |  4- 6 || total
---------------------------+-------+-------++-------
  Melee: Dagger            |    61 |     7 ||    68
         Short sword       |    60 |     8 ||    68
  Throw: Dart              |       |     2 ||     2
   Stab: Sleeping          |     4 |       ||     4
 Armour: Robe              |    40 |     9 ||    49
  Dodge: Dodged            |    25 |     7 ||    32

Table legend: (Time is in decaauts)
 A = Elapsed time spent in this place.
 B = Non-inter-level travel time spent in this place.
 C = Inter-level travel time spent in this place.
 D = Time resting spent in this place.
 E = Time spent auto-exploring this place.
 F = Levels seen in this place.
 G = Mean time per level.
                   A        B        C        D        E       F      G
               +--------+--------+--------+--------+--------+-----+--------+
         Total |    962 |    917 |     45 |      0 |    679 |   2 |  481.0 |
       Dungeon |    962 |    917 |     45 |      0 |    679 |   2 |  481.0 |
               +--------+--------+--------+--------+--------+-----+--------+

Top non-repeatable levels by time:
     D:1: 794 daAuts
     D:2: 167 daAuts
